 Dungeon Crawl Stone Soup version 0.18-a0-867-gfd1cc8f (webtiles) character file.

39 Raultor the Insei (level 3, 0/29 HPs)
             Began as a Draconian Transmuter on Dec 21, 2015.
             Killed from afar by Natasha (7 damage)
             ... with a magic dart
             ... on level 2 of the Dungeon.
             The game lasted 00:02:31 (1391 turns).

Raultor the Insei (Draconian Transmuter)            Turns: 1391, Time: 00:02:31

Health: 0/29       AC:  5    Str: 12    XL:     3   Next: 26%
Magic:  6/6        EV: 12    Int: 13    God:
Gold:   37         SH:  0    Dex: 12    Spells: 1 memorised, 5 levels left

rFire  . . .     SeeInvis .       - Unarmed
rCold  . . .     Gourm    .     (armour unavailable)
rNeg   . . .     Faith    .     (no shield)
rPois  .         Spirit   .     (helmet restricted)
rElec  .         Dismiss  .     (no cloak)
rCorr  .         Reflect  .     (no gloves)
SustAt .         Harm     .     (no boots)
MR     .....                    (no amulet)
Stlth  +.........               (no ring)
                                (no ring)

@: appendage (expiring), not resistant to hostile enchantments, very unstealthy
A: unfitting armour, horns 2, cold-blooded, AC +5
a: End Transformation


You were on level 2 of the Dungeon.
You were hungry.
You had grown temporary horns.
You visited 1 branch of the dungeon, and saw 2 of its levels.

You collected 37 gold pieces.

Inventory:

Missiles
 a - 12 arrows
Scrolls
 d - a scroll of fear {unknown}
 e - a scroll of blinking {unknown}
 i - a scroll of identify {unknown}
 j - a scroll of immolation {unknown}
Potions
 h - a potion of curing {unknown}
Books
 b - a book of Changes
Comestibles
 c - 2 bread rations {@e1}
 g - 4 fruits


   Skills:
 + Level 1.9 Fighting
 + Level 2.2 Dodging
 * Level 3.5 Unarmed Combat
 - Level 2.0 Spellcasting
 + Level 2.3 Transmutations


You had 5 spell levels left.
You knew the following spells:

 Your Spells              Type           Power        Failure   Level  Hunger
a - Beastly Appendage     Trmt           #.....       12%         1    ##.....


Dungeon Overview and Level Annotations

Branches:
Dungeon (2/15)

Altars:

Annotations:
D:2 Natasha


Innate Abilities, Weirdness & Mutations

Your plain brown scales are hard (AC +5).
Your body does not fit into most forms of armour.
You are cold-blooded and may be slowed by cold attacks.
You have a pair of horns on your head.


Message History

You hit the giant cockroach zombie.
The giant cockroach zombie bites you but does no damage.
You hit the giant cockroach zombie but do no damage.
The giant cockroach zombie barely misses you.
You hit the giant cockroach zombie.
You destroy the giant cockroach zombie!
No target in view!
An adder comes into view.
Found a stone staircase leading down.
The adder closely misses you.
You barely miss the adder. You tail-slap the adder.
The adder barely misses you.
You closely miss the adder. Your punch misses the adder.
The adder bites you but does no damage.
You hit the adder. The adder misses you. The adder barely misses you.
You hit the adder but do no damage.
Your tail-slap misses the adder.
The adder bites you.
You are poisoned.
The adder poisons you!
You take 3 damage, and have 17/24 hp.
You hit the adder.
You feel sick. The adder bites you.
You take 4 damage, and have 13/24 hp.
You barely miss the adder. The adder barely misses you.
You hit the adder but do no damage.
You feel sick. The adder bites you. The adder misses you.
You take 4 damage, and have 9/24 hp.
You miss the adder. The adder closely misses you.
You closely miss the adder. The adder closely misses you.
You hit the adder.
You kill the adder!
You have reached level 3!
Your experience leads to an increase in your attributes!
Increase (S)trength, (I)ntelligence, or (D)exterity?
You feel agile.
Your scales feel tougher.
You feel sick.
MP restored: 6
j - a scroll labeled COMUBY RIMUINO You feel sick.
You see here an adder corpse.
You take 1 damage, and have 10/29 hp.
You butcher the adder corpse.
f - 2 chunks of flesh {@w0} (gained 1)
You start resting.
You feel sick.
You feel sick. x2
You are no longer poisoned.
You take 2 damage, and have 8/29 hp.
You start resting.
Some of the chunks of flesh in your inventory have rotted away.
All of the chunks of flesh in your inventory have rotted away.
You are feeling hungry.
You regained 20 hp, and now have 28/29 hp.
A zombie and a skeleton come into view.
Health restored: 29 You closely miss the bat zombie.
The bat zombie hits you but does no damage.
The bat zombie barely misses you.
You hit the bat zombie. You tail-slap the bat zombie.
You destroy the bat zombie!
The quokka skeleton bites you.
You take 1 damage, and have 28/29 hp.
You completely miss the quokka skeleton.
The quokka skeleton barely misses you.
You hit the quokka skeleton. The quokka skeleton misses you.
You barely miss the quokka skeleton. The quokka skeleton bites you.
You take 2 damage, and have 26/29 hp.
You hit the quokka skeleton.
You destroy the quokka skeleton!
No target in view!
Natasha, Servant of Life and Death comes into view.
You grow a pair of large bovine horns.
You now have 5/6 mp.
You hit Natasha.
Your tail-slap misses Natasha.
Natasha claws you.
You take 5 damage, and have 22/29 hp.
You barely miss Natasha. Your headbutt misses Natasha. Natasha claws you.
You take 1 damage, and have 21/29 hp.
You hit Natasha but do no damage. Natasha claws you but does no damage.
You miss Natasha. You barely miss Natasha.
Your transformation is almost over.
Natasha claws you!
You take 8 damage, and have 13/29 hp.
MASSIVE DAMAGE!!
You barely miss Natasha. You tail-slap Natasha. Natasha claws you.
* * * LOW HITPOINT WARNING * * *
You take 5 damage, and have 8/29 hp.
You closely miss Natasha. You headbutt Natasha. Natasha closely misses you.
You barely miss Natasha. Natasha misses you.
You hit Natasha but do no damage. Natasha closely misses you.
MP restored: 6 You hit Natasha but do no damage.
Your headbutt misses Natasha. Natasha claws you.
* * * LOW HITPOINT WARNING * * *
You take 1 damage, and have 7/29 hp.
Unknown command.
You closely miss Natasha. Your headbutt misses Natasha.
Natasha claws you but does no damage.
You hit Natasha but do no damage.
Natasha stares at you and mumbles some strange words.
The magic dart hits you!
You die...

#......# ##....##§....
#.....## ##.....§§.#..
#####..###..##...§...#
##.....###..§P....
#..#### #§§...... .##
#..# #..§§....
.....#.#####...§##.§.#
#..h@).......§ ...#
#....#...##..... ..#
#....#...####...... .#
##...##### #.......
#... ####..#.. ###


You could see Natasha.

Vanquished Creatures
  An adder (D:2)
  An adder zombie (D:2)
  2 giant geckos (D:1)
  7 bats (D:1)
  A bat zombie (D:2)
  2 giant cockroaches (D:1)
  2 goblins (D:1)
  2 hobgoblins (D:1)
  A ball python zombie (D:2)
  A giant cockroach zombie (D:2)
  2 giant newts
  2 kobolds (D:1)
  A quokka skeleton (D:2)
25 creatures vanquished.

Notes
Turn   | Place    | Note
--------------------------------------------------------------
     0 | D:1      | Raultor the Draconian Transmuter began the quest for the Orb.
     0 | D:1      | Reached XP level 1. HP: 16/16 MP: 3/3
   232 | D:1      | Reached skill level 2 in Dodging
   437 | D:1      | Reached XP level 2. HP: 12/23 MP: 5/5
  1114 | D:2      | Reached XP level 3. HP: 12/29 MP: 6/6
  1375 | D:2      | Noticed Natasha
  1389 | D:2      | HP: 7/29 [Natasha (1)]
  1391 | D:2      | Killed from afar by Natasha

Vault maps used:
D:1:      matt_arrival_los_fun
D:2:      nicolae_ru_great_annihilating_truth, serial_undead, serial_undead_e,
          serial_undead_a, serial_undead_a, serial_undead_a, serial_undead_d,
          serial_undead_e, serial_undead_e, serial_undead_a, serial_undead_b,
          serial_undead_f, uniq_natasha

Action                   || total
-------------------------++-------
Melee: Unarmed           ||   138
 Cast: Beastly Appendage ||     1
 Stab: Sleeping          ||     1
  Eat: Chunk             ||     1

Vault maps used:
D:1:      matt_arrival_los_fun
D:2:      nicolae_ru_great_annihilating_truth, serial_undead, serial_undead_e,
          serial_undead_a, serial_undead_a, serial_undead_a, serial_undead_d,
          serial_undead_e, serial_undead_e, serial_undead_a, serial_undead_b,
          serial_undead_f, uniq_natasha

Table legend:
 A = Turns spent in this place as a percentage of turns spent in the entire game.
 B = Non-inter-level travel turns spent in this place as a percentage of non-inter-level travel turns spent in the entire game.
 C = Inter-level travel turns spent in this place as a percentage of turns spent in this place.
 D = Turns resting spent in this place as a percentage of non-inter-level travel turns spent in this place.
 E = Turns spent auto-exploring this place as a percentage of non-inter-level travel turns spent in this place.
 F = Non-inter-level travel turns spent in this place divided by the number of levels of this place that you've seen.
                   A       B       C       D       E      F
               +-------+-------+-------+-------+-------+----------------------
         Total | 100.0 | 100.0 |   0.3 |   2.3 |  10.3 | 150.0
       Dungeon | 100.0 | 100.0 |   0.3 |   2.3 |  10.3 | 150.0
               +-------+-------+-------+-------+-------+----------------------

Table legend:
 A = Kills in this place as a percentage of kills in entire the game.
 B = Kills by you in this place as a percentage of kills by you in the entire game.
 C = Kills by friends in this place as a percentage of kills by friends in the entire game.
 D = Other kills in this place as a percentage of other kills in the entire game.
 E = Experience gained in this place as a percentage of experience gained in the entire game.
 F = Experience gained in this place divided by the number of levels of this place that you have seen.
                   A       B       C       D       E      F
               +-------+-------+-------+-------+-------+----------------------
         Total | 100.0 | 100.0 |  -nan |  -nan | 100.0 |  28.0
       Dungeon | 100.0 | 100.0 |  -nan |  -nan | 100.0 |  28.0
               +-------+-------+-------+-------+-------+----------------------
